 Dungeon Crawl Stone Soup version 0.20.0-15-g7f486f2 (webtiles) character file.

223 psko the Firebug (level 6, -4/43 HPs)
             Began as a Human Fire Elementalist on June 10, 2017.
             Was a Follower of Cheibriados.
             Slain by an ogre
             ... wielding a +0 giant club
              (31 damage)
             ... on level 3 of the Dungeon.
             The game lasted 01:05:01 (4255 turns).

psko the Firebug (Human Fire Elementalist)          Turns: 4255, Time: 01:05:02

Health: -4/43      AC:  4    Str: 11    XL:     6   Next: 20%
Magic:  7/10       EV: 13    Int: 19    God:    Cheibriados [*.....]
Gold:   183        SH:  0    Dex: 15    Spells: 2/10 levels left

rFire    . . .     SeeInvis .   i - -2 club (curse)
rCold    . . .     Gourm    .   (no shield)
rNeg     . . .     Faith    .   a - +2 robe
rPois    .         Spirit   .   (no helmet)
rElec    .         Reflect  .   (no cloak)
rCorr    .         Harm     .   (no gloves)
MR       .....                  (no boots)
Stlth    ++........             (no amulet)
Regen    0.2/turn               (no ring)
MPRegen  0.2/turn               (no ring)

@: very slow
A: no striking features
a: Bend Time, Renounce Religion


You were on level 3 of the Dungeon.
You worshipped Cheibriados.
Cheibriados was aware of your devotion.
You were not hungry.

You visited 1 branch of the dungeon, and saw 4 of its levels.

You collected 183 gold pieces.

Inventory:

Hand Weapons
 g - a +0 club
 h - a +0 dagger
 i - a cursed -2 club (weapon)
 k - a cursed +0 club
 l - a +0 club
 m - a cursed +0 club
 n - a +0 dagger
 u - a +0 dagger
 B - a +0 dagger
 C - a +0 falchion
 D - a +0 quarterstaff
 E - a +0 dagger
 G - a +0 flail
 I - a +0 long sword
 K - a +0 mace
 M - a +0 whip
 N - a +1 hand axe of draining
 O - a +0 dagger
 Q - a +0 dagger
 R - a +0 dagger
 S - a +0 club
 T - a +0 whip
 U - a +0 whip
 V - a +0 flail
 Z - a +0 club
Missiles
 p - 127 stones (quivered)
 r - 12 javelins
 v - 20 poisoned needles
 A - 16 sling bullets
Armour
 a - a +2 robe (worn)
 f - a +0 leather armour
 o - a +0 scale mail
 q - a +0 robe
 s - a +0 ring mail
 F - a +0 pair of boots
 L - a +0 leather armour
 P - a +0 robe
Wands
 W - a wand of polymorph (14/24)
Scrolls
 H - a scroll of magic mapping
Potions
 d - 2 potions of curing {unknown}
 e - a potion of brilliance {unknown}
 j - 2 potions of might {unknown}
 t - a potion of ambrosia {unknown}
 x - 2 potions of agility {unknown}
 z - 2 potions of flight {unknown}
Books
 b - a book of Flames

   Spells                             Type                      Level
   a - Flame Tongue                   Conjuration/Fire             1
   b - Throw Flame                    Conjuration/Fire             2
   c - Conjure Flame                  Conjuration/Fire             3
   d - Inner Flame                    Hexes/Fire                   3
   e - Sticky Flame                   Conjuration/Fire             4
   f - Fireball                       Conjuration/Fire             5
Comestibles
 c - 4 bread rations
 w - 2 fruits
 X - 2 royal jellies


   Skills:
 + Level 1.1 Fighting
 + Level 0.8 Short Blades
 + Level 1.2 Armour
 + Level 2.5 Dodging
 + Level 2.2 Stealth
 + Level 2.7 Spellcasting
 + Level 2.6 Conjurations
 + Level 4.4 Fire Magic


You had 2 spell levels left.
You knew the following spells:

 Your Spells              Type           Power        Failure   Level  Hunger
a - Flame Tongue          Conj/Fire      ###..        3%          1    None
b - Throw Flame           Conj/Fire      ###...       5%          2    ##.....
c - Fireball              Conj/Fire      ###.......   71%         5    ######.


Dungeon Overview and Level Annotations

Branches:
Dungeon (4/15)
 Temple: D:4-7

Altars:
Cheibriados
Xom
Zin


Message History

The flame tongue hits the ogre.
The ogre is severely wounded.
Casting: Flame Tongue
Confirm with . or Enter, or press ? or * to list all spells.
Aiming: Flame Tongue
Press: ? - help, Shift-Dir - straight line, f/p - ogre
Aim: an ogre, wielding a giant club (severely wounded)
Okay, then.
The ogre closely misses you. The ogre closely misses you.
The ogre completely misses you.
There is a stone staircase leading up here.
You can't go down here!
The ogre hits you with a giant club!
You climb upwards.
A giant cockroach comes into view.
There is a stone staircase leading down here.
The ogre hits you with a giant club!!
Ouch! That really hurt!
You die...

##################
#................#
#.##############.# ###
#.##############.###
..###.##...............##########
#........###.....................
##....#### #.###>###.#.##........
.....## #.# #O#.....##.#..####
##.#.# #.# #@#.###.##.#..####
#.#.# #.# #.#.* #.#.........
#.#.# #.# #.#.*##.#..#..####
#.#.# #.# #.#.,..>#..#..# ##
#.#.# #.# #.##*##..<.#..# #.
#.#.# #.# #.# ##..#.##..###.
#.#.# #.# #.###..........##.
#.#.# #.# #........รท>....##.
#.#.# #.# ##.##...#.##......


You could see an ogre.

Vanquished Creatures
  An orc wizard (D:3)
  Jessica (D:3)
  An iguana (D:3)
  4 gnolls (D:3)
  An adder (D:2)
  A worm (D:2)
  A dart slug (D:1)
  4 leopard geckos
  6 orcs
  16 giant cockroaches
  10 goblins
  9 hobgoblins
  2 ball pythons (D:3)
  8 bats
  5 frilled lizards (D:2)
  4 kobolds
  6 rats (D:1)
80 creatures vanquished.

Notes
Turn   | Place    | Note
-------+----------+-------------------------------------------
     0 | D:1      | psko the Human Fire Elementalist began the quest for the Orb.
     0 | D:1      | Reached XP level 1. HP: 13/13 MP: 3/3
   418 | D:1      | Reached XP level 2. HP: 19/19 MP: 0/5
   452 | D:1      | Learned a level 2 spell: Throw Flame
   960 | D:1      | Reached XP level 3. HP: 22/24 MP: 1/6
  1804 | D:2      | Reached XP level 4. HP: 31/31 MP: 5/7
  2347 | D:2      | Found a snail-covered altar of Cheibriados.
  2353 | D:2      | Reached skill level 1 in Fighting
  2359 | D:2      | Became a worshipper of Cheibriados the Contemplative
  2494 | D:2      | Found a glowing silver altar of Zin.
  2726 | D:3      | Reached skill level 4 in Fire Magic
  2726 | D:3      | Reached XP level 5. HP: 24/37 MP: 2/8
  3051 | D:3      | Learned a level 5 spell: Fireball
  3074 | D:3      | Found a shimmering altar of Xom.
  3453 | D:3      | Reached * piety under Cheibriados
  3603 | D:3      | Noticed Jessica
  3623 | D:3      | Killed Jessica
  3623 | D:3      | Reached skill level 1 in Armour
  3623 | D:3      | Reached XP level 6. HP: 43/43 MP: 4/10
  4234 | D:4      | Noticed an ogre
  4255 | D:3      | Slain by an ogre

Skill      XL: |  1  2  3  4  5 |
---------------+----------------+-----
Fighting       | 1 |  1.1
Fire Magic     | 4 |  4.4
Conjurations   | 2 |  2.6
Armour         | 1 |  1.2
Short Blades   | |  0.8
Dodging        | |  2.5
Stealth        | |  2.2
Spellcasting   | |  2.7

Action                   |  1- 3 |  4- 6 || total
-------------------------+-------+-------++-------
Melee: Unarmed           |    11 |       ||    11
       Club              |     7 |     3 ||    10
       Dagger            |    72 |    13 ||    85
Throw: Stone             |     3 |       ||     3
 Cast: Flame Tongue      |    43 |    51 ||    94
       Throw Flame       |     9 |    31 ||    40
Invok: Bend Time         |       |     2 ||     2
  Use: Scroll            |     5 |     3 ||     8
  Eat: Chunk             |     3 |     5 ||     8
       Bread ration      |       |     1 ||     1
       Fruit             |       |     1 ||     1
Armor: Robe              |    51 |     2 ||    53
       Leather armour    |     2 |    15 ||    17
Dodge: Dodged            |   112 |    56 ||   168
